Map: Pillars of Gold LE

Players

Has - Winner!

  • Race: Protoss Protoss
  • Spawn Location: 7:00

Nice

  • Race: Protoss Protoss
  • Spawn Location: 1:00

Event: DreamHack SC2 Masters 2020 Summer TwHkMoJp

VOD

Have the link to the VOD?

Description

Time

  • Played on: June 27, 2020, 8:49 a.m.
  • Length: 2:35

All games in this series

Show
View Real Time Build Order
Export as new Build Order

Has Protoss - Winner!

Build Orders:  

Get SALT Encoding   

  12  0:00  Probe  
  13  0:13  Probe  
  14  0:18  Pylon  
  14  0:22  Probe  
  15  0:32  Probe  
  15  0:41  Gateway  
  15  0:42  Probe  
  17  0:54  Probe  
  17  0:55  Assimilator  
  18  1:06  Probe  
  19  1:12  Gateway  
  19  1:19  Zealot  
  20  1:30  Cybernetics Core  
  22  1:47  Zealot  
  23  2:07  Pylon  
  23  2:20  Shield Battery, Probe  
Show
View Real Time Build Order
Export as new Build Order

Nice Protoss 

Build Orders:  

Get SALT Encoding   

  12  0:00  Probe  
  13  0:13  Probe  
  14  0:25  Probe  
  15  0:37  Pylon  
  15  0:57  Gateway x2  
  15  0:59  Forge  
  15  1:19  Pylon  
  15  1:35  Zealot x2  
  18  2:00  Probe  
  18  2:01  Zealot x2  
  19  2:08  Probe  
  23  2:09  Pylon  
  24  2:16  Probe  
Tags
 
Add a new tag
Caveats
  • Supply blocks, unpowered buildings, or Contaminate may cause inaccurate times.
  • Supply counts are checked every 10 seconds.